 Dungeon Crawl Stone Soup version 0.31.0-7-gf635a9b802 (webtiles) character file.

Game seed: 5238324234104993398

604 RepHenryClay the Cudgeller (level 7, -12/52 HPs)
             Began as a Demonspawn Fighter on Jan 24, 2024.
             Killed from afar by Maggie the acid dragon (33 damage)
             ... with a splash of acid
             ... on level 7 of the Dungeon.
             The game lasted 00:06:26 (3396 turns).

RepHenryClay the Cudgeller (Demonspawn Fighter)     Turns: 3396, Time: 00:06:27

Health: -12/52     AC: 13    Str: 16    XL:     7   Next: 18%
Magic:  7/7        EV:  7    Int:  8    God:
Gold:   311        SH:  4    Dex: 13    Spells: 2/6 levels left

rFire   . . .        B - +5 club
rCold   + + .        c - +0 buckler
rNeg    . . .        p - +8 chain mail of Repulsion {Harm rElec rC++ Str-2}
rPois   +            (helmet restricted)
rElec   +            (no cloak)
rCorr   .            (no gloves)
SInv    .            (no boots)
Will    .....        (no amulet)
Stlth   x              - ring of poison resistance
HPRegen 0.28/turn    (no ring)
MPRegen 0.10/turn

%: harm (+30% outgoing, +20% incoming)
@: mighty, corroded, attractive
A: antennae 2, spiny 2
a: no special abilities


You were on level 7 of the Dungeon.
You visited 1 branch of the dungeon, and saw 6 of its levels.

You collected 311 gold pieces.

Inventory:

Hand Weapons
 a - a +0 flail
 B - a +5 club (weapon)
Missiles
 i - 9 poisoned darts (quivered)
 m - 3 atropa-tipped darts
 n - a throwing net
Armour
 b - a +0 scale mail
 c - a +0 buckler (worn)
 p - the +8 chain mail of Repulsion (worn) {Harm rElec rC++ Str-2}
   (You found it on level 2 of the Dungeon)

   Str-2:     It affects your strength (-2).
   rC++:      It greatly protects you from cold.
   rElec:     It insulates you from electricity.
   Harm:      It increases damage dealt and taken.
 C - a +3 leather armour of fire resistance
Jewellery
 u - an amulet of faith
 x - a ring of poison resistance (left hand)
Wands
 A - a wand of polymorph (7)
Scrolls
 e - 2 scrolls of teleportation
 h - 4 scrolls of revelation
 j - a scroll of poison
 k - 2 scrolls of immolation
 q - a scroll of vulnerability {unknown}
 r - 4 scrolls of identify {unknown}
 s - a scroll of noise {unknown}
 v - a scroll of fear {unknown}
 y - a scroll of enchant armour {unknown}
 D - a scroll of amnesia {unknown}
Potions
 g - a potion of lignification {unknown}
 l - a potion of attraction
 t - a potion of enlightenment {unknown}
 w - a potion of curing {unknown}
 z - a potion of degeneration {unknown}
 E - a potion of cancellation {unknown}


   Skills:
 - Level 3.1 Fighting
 + Level 5.8 Maces & Flails
 + Level 4.9 Armour
 - Level 2.8 Shields


You had 2 spell levels left.
You knew the following spells:

 Your Spells              Type           Power      Damage    Failure   Level
b - Lesser Beckoning      Tloc           0%         N/A       100%        2
Q - Blink                 Tloc           0%         N/A       100%        2

Your spell library contained the following spells:

 Spells                   Type           Power      Damage    Failure   Level
 Momentum Strike          Conj/Tloc      0%         3d8       100%        2
 Ignite Poison            Fire/Alch      0%         N/A       100%        4
 Sticky Flame             Fire/Alch      0%         2d4       100%        4
 Ignition                 Fire           0%         3d3       100%        8


Dungeon Overview and Level Annotations

Branches:
Dungeon (7/15)             Temple (0/1) D:7

Altars:
Fedhas

Annotations:
D:4 Dowan, Duvessa
D:7 Maggie


Innate Abilities, Weirdness & Mutations

You have a pair of antennae on your head.
You are mostly covered in sharp spines.


Message History

Maggie evaporates and reforms as an acid dragon!
The orc shouts!
Maggie spits acid at you. The splash of acid hits you. The acid corrodes you!
You hear an angry hiss.
Damage: -3%(-2hp) hp: 97%(50hp)
Okay, then.
Unknown command.
You feel very mighty all of a sudden.
An orc comes into view. It is wielding a +0 hand axe.
B - a +5 club (weapon)
You swing at nothing.
An orc comes into view. It is wielding a +0 falchion.
You barely miss Maggie. Maggie bites you! You block Maggie's attack.
Huge Dmg: -23%(-12hp) hp: 74%(38hp) Unknown command.
You hit Maggie.
Maggie is lightly wounded.
Maggie is struck by your spines. Maggie bites you!
Maggie claws you but does no damage.
A steam dragon comes into view.
Huge Dmg: -18%(-9hp) hp: 56%(29hp) Maggie attacks as it pursues you!
You block Maggie's attack. Maggie claws you.
Damage: -4%(-2hp) hp: 52%(27hp) Maggie attacks as it pursues you!
You block Maggie's attack. Maggie completely misses you.
You hit Maggie but do no damage.
Maggie is moderately wounded.
Maggie bites you. Maggie closely misses you.
Huge Dmg: -11%(-6hp) hp: 41%(21hp) It was a potion of attraction.
You feel attractive to monsters. Maggie bites you but does no damage.
You block Maggie's attack. You block the orc's attack.
The orc is attracted toward you.
The ribbon worm is attracted toward you.
It was a potion of magic.
Magic courses through your body. Maggie spits acid at you.
The splash of acid hits you!!
Ouch! That really hurt!
You die...

,,,,,,,,,,,*,,,,<,,,,,,~*,,,,,*~,,,
,,,,,,,,>,,*,,,,,,,,,,,~*∩,,,>*~,,,
,,,,.......##......,,,,~*******~,,,
,,,,.......##.####.,,,,~~~~~~~~~,,*
,,,,##......#.####.,,,,,,,,,,,,,,,*
,,,,####.w..#+#####****,,,,**,,,,,,
,,,,........§.....# *,,,,,,,,,,**
,,,,..$..###...w..# **,,,,,,,*+***
,,,,.............@# *,,,.,,,,*,,,,
,,,,............oD####...$,,,,*,,,,
,,,,........###..oo..{....,,,,*,,,,
***,........###...§.....D.,,,,*,***
***,....#######...........,,,,,,***
,,,,....#######...)###...#*,,,,,,,,
,,,,....######......**,..#*,,,,,,,,
,,,,##.....###......****##*,,,,,,,,
....##.....###.......,,,,,,,,,,*,,,


You could see Maggie the acid dragon (catching breath), a ribbon worm and 3
orcs.

Vanquished Creatures
  An ice beast (D:5)
  An ogre (D:5)
  2 hounds (D:5)
  A sleepcap (D:5)
  An iguana (D:5)
  Jessica (D:2)
  Ijyb (D:5)
  Natasha (twice) (D:2)
  10 adders
  A white imp (D:5)
  2 ufetubi (D:5)
  2 dart slugs
  3 ribbon worms (D:5)
  7 orcs
  6 bats
  7 endoplasms
  A giant cockroach (D:1)
  11 hobgoblins
  5 jackals
  2 quokkas
  4 ball pythons
  2 frilled lizards (D:1)
  6 goblins
  7 kobolds
  8 rats
94 creatures vanquished.

Notes
Turn   | Place    | Note
-------+----------+-------------------------------------------
     0 | D:1      | RepHenryClay the Demonspawn Fighter began the quest for the
                  | Orb.
     0 | D:1      | Reached XP level 1. HP: 18/18 MP: 1/1
    77 | D:1      | Reached skill level 2 in Maces & Flails
    77 | D:1      | Gained mutation: You are partially covered in sharp spines.
                  | [demonic ancestry]
    77 | D:1      | Reached XP level 2. HP: 24/24 MP: 2/2
   380 | D:1      | Found a faded altar of an unknown god.
   820 | D:2      | Reached XP level 3. HP: 29/29 MP: 3/3
   966 | D:2      | Reached skill level 3 in Maces & Flails
  1122 | D:2      | Noticed Natasha
  1154 | D:2      | Killed Natasha
  1155 | D:2      | Gained mutation: You have a pair of small antennae on your
                  | head. [demonic ancestry]
  1155 | D:2      | Reached XP level 4. HP: 9/35 MP: 4/4
  1348 | D:2      | Identified the +8 chain mail of Repulsion {Harm rElec rC++
                  | Str-2}
  1380 | D:2      | Noticed Natasha
  1395 | D:2      | Killed Natasha
  1396 | D:2      | Reached skill level 4 in Maces & Flails
  1624 | D:2      | Noticed Jessica
  1629 | D:2      | Killed Jessica
  1630 | D:2      | Gained mutation: You are mostly covered in sharp spines.
                  | [demonic ancestry]
  1630 | D:2      | Reached XP level 5. HP: 41/41 MP: 5/5
  2532 | D:4      | Noticed Dowan
  2665 | D:4      | Learned a level 2 spell: Blink
  2668 | D:4      | Learned a level 2 spell: Lesser Beckoning
  2685 | D:4      | Noticed Duvessa
  2779 | D:5      | Entered Level 5 of the Dungeon
  2786 | D:5      | Noticed an ice beast
  2798 | D:5      | Killed an ice beast
  2799 | D:5      | Reached skill level 5 in Maces & Flails
  2799 | D:5      | Reached XP level 6. HP: 42/47 MP: 6/6
  2800 | D:5      | Found a blossoming altar of Fedhas.
  2887 | D:5      | Noticed Ijyb
  2897 | D:5      | Killed Ijyb
  3083 | D:5      | Gained mutation: You have a pair of antennae on your head.
                  | [demonic ancestry]
  3083 | D:5      | Reached XP level 7. HP: 47/52 MP: 7/7
  3380 | D:5      | You fall into a shaft and drop 2 floors!
  3385 | D:7      | Noticed Maggie
  3386 | D:7      | Maggie changed into Maggie the acid dragon
  3386 | D:7      | Noticed Maggie
  3391 | D:7      | Noticed a steam dragon
  3396 | D:7      | Killed from afar by Maggie the acid dragon

Illustrated notes

Levels and vault maps discovered:
D:1:      enne_arrival_octagon_isle, layout_loops_ring,
          shapermc_ecumenical_altar_flowoftime, minmay_pentomino_q4
D:2:      wad_river_or_something, layout_basic, hex_medium,
          kennysheep_generic_room_12, uniq_jessica, uniq_natasha
D:3:      layout_basic, serial_bayou_lagoon_b
D:4:      layout_rooms, lemuel_round_altar, uniq_duvessa,
          uniq_crazy_yiuf_cottage
D:5:      layout_basic, mainiacjoe_overflow_cross_hatched,
          hangedman_abyss_or_decor_stabs, nicolae_wormholes, uniq_ijyb
D:7:      layout_basic, temple_statues, enter_bailey_4,
          kennysheep_big_empty_room, hellmonk_no_cap, uniq_maggie, uniq_menkaure

Skill      XL: |  1  2  3  4  5  6 |
---------------+-------------------+-----
Maces & Flails | 2 3 4 5 |  5.8
Armour         | 3 4 |  4.9
Fighting       | |  3.1
Shields        | |  2.8

Action                     |  1- 3 |  4- 6 |  7- 9 || total
---------------------------+-------+-------+-------++-------
  Melee: Flail             |    65 |   111 |    21 ||   197
         Unarmed           |       |     3 |       ||     3
         Club              |       |       |     3 ||     3
  Throw: Dart              |    10 |    15 |       ||    25
  Evoke: Wand              |       |       |     1 ||     1
    Use: Potion            |       |     1 |     3 ||     4
         Scroll            |       |       |     5 ||     5
 Armour: Scale mail        |    66 |     9 |       ||    75
         Chain mail        |       |    78 |    25 ||   103
         Skin              |       |     1 |       ||     1
  Dodge: Dodged            |    34 |    32 |     8 ||    74
  Block: Buckler           |    19 |    24 |     8 ||    51
